 Dungeon Crawl Stone Soup version 0.20-a0-754-g13ddd6e (webtiles) character file.

176 esteth the Spear-Bearer (level 5, -4/38 HPs)
             Began as a Merfolk Skald on Feb 25, 2017.
             Was a Follower of Fedhas.
             Slain by Blork the orc
             ... wielding a +0 morningstar
              (11 damage)
             ... on level 4 of the Dungeon.
             The game lasted 00:10:42 (2274 turns).

esteth the Spear-Bearer (Merfolk Skald)             Turns: 2274, Time: 00:10:42

Health: -4/38      AC:  4    Str: 12    XL:     5   Next: 56%
Magic:  8/8        EV: 12    Int: 12    God:    Fedhas [*.....]
Gold:   184        SH:  0    Dex: 14    Spells: 0/8 levels left

rFire    . . .     SeeInvis .   f - +0 trident
rCold    . . .     Gourm    .   b - +1 leather armour
rNeg     . . .     Faith    .   (no shield)
rPois    .         Spirit   .   (no helmet)
rElec    .         Reflect  .   (no cloak)
rCorr    .         Harm     .   (no gloves)
MR       .....                  (no boots)
Stlth    +.........             (no amulet)
Regen    0.2/turn               (no ring)
MPRegen  0.2/turn               (no ring)

@: no status effects
A: change form in water, swift swim, stealthy swim
a: Fungal Bloom, Evolution, Renounce Religion


You were on level 4 of the Dungeon.
You worshipped Fedhas.
Fedhas was aware of your devotion.
You were not hungry.

You visited 1 branch of the dungeon, and saw 4 of its levels.

You collected 184 gold pieces.

Inventory:

Hand Weapons
 a - a +1 spear
 f - a +0 trident (weapon)
Armour
 b - a +1 leather armour (worn)
 j - a +0 scale mail
Wands
 e - a wand of flame (13/48)
Scrolls
 h - a scroll of fear
 i - 6 scrolls of identify
 l - a scroll of enchant weapon
 m - a scroll of teleportation {unknown}
 n - a scroll of remove curse {unknown}
Potions
 g - 2 potions of flight {unknown}
Books
 c - a book of Battle

   Spells                             Type                      Level
   a - Infusion                       Charms                       1
   b - Shroud of Golubria             Charms/Translocation         2
   c - Song of Slaying                Charms                       2
   d - Spectral Weapon                Hexes/Charms                 3
   e - Regeneration                   Charms/Necromancy            3
Comestibles
 d - a bread ration
 k - 3 chunks of flesh


   Skills:
 - Level 2.1 Fighting
 - Level 8.1 Polearms
 - Level 0.6 Armour
 - Level 2.6 Dodging
 - Level 2.0 Spellcasting
 + Level 3.2 Charms


You couldn't memorise any spells.
You knew the following spells:

 Your Spells              Type           Power        Failure   Level  Hunger
a - Infusion              Chrm           #...         12%         1    ##.....
b - Song of Slaying       Chrm           #.......     17%         2    ###....
c - Shroud of Golubria    Chrm/Tloc      #.........   28%         2    ###....
d - Spectral Weapon       Hex/Chrm       #.......     58%         3    ####...


Dungeon Overview and Level Annotations

Branches:
Dungeon (4/15)
 Temple: D:4-7

Altars:
Fedhas

Annotations:
D:3 Sigmund
D:4 Blork the orc


Message History

Blork the orc is heavily wounded.
Blork the orc looks encouraged for a moment.
You hit Blork the orc.
Blork the orc is severely wounded.
Blork the orc closely misses you.
You puncture Blork the orc!
Blork the orc is almost dead.
Blork the orc gestures wildly while chanting.
Blork the orc flickers and vanishes!
Deactivating autopickup; reactivate with Ctrl-A.
You closely miss something.
Your shroud unravels.
Something barely misses you.
You completely miss something. Something hits you.
You closely miss something. You barely miss something. Something hits you.
* * * LOW HITPOINT WARNING * * *
You hit something but do no damage. Something hits you!
You die...
Fedhas appreciates your contribution to the ecosystem.

#.# #.#.#..
#.#.#.#
#####.#.#.#
......#.#.#
.###.....#.# .
.........#.#
...
#.....#.#...#.
#.....@{......
###.#.#.###.#.
##.####.###...
.......<..#####
.......>.......
........#......
.....##.#......
..... ..#.#####
#### ..# #


There were no monsters in sight!

Vanquished Creatures
  Robin (D:3)
  6 adders
  A worm (D:2)
  4 dart slugs
  A leopard gecko (D:1)
  4 orcs (D:3)
  5 bats
  7 giant cockroaches
  17 goblins
  10 hobgoblins
  9 jackals
  3 quokkas
  8 kobolds
  12 rats
88 creatures vanquished.

Vanquished Creatures (others)
  25 toadstools
25 creatures vanquished.

Grand Total: 113 creatures vanquished

Notes
Turn   | Place    | Note
-------+----------+-------------------------------------------
     0 | D:1      | esteth the Merfolk Skald began the quest for the Orb.
     0 | D:1      | Reached XP level 1. HP: 16/16 MP: 3/3
    73 | D:1      | Reached skill level 4 in Polearms
    73 | D:1      | Reached XP level 2. HP: 21/22 MP: 5/5
   138 | D:1      | Reached XP level 3. HP: 22/27 MP: 6/6
   219 | D:1      | Reached skill level 5 in Polearms
   763 | D:2      | Reached skill level 6 in Polearms
   763 | D:2      | Reached XP level 4. HP: 22/33 MP: 7/7
  1011 | D:2      | Learned a level 2 spell: Song of Slaying
  1014 | D:2      | Learned a level 2 spell: Shroud of Golubria
  1280 | D:2      | Found a blossoming altar of Fedhas.
  1302 | D:2      | Became a worshipper of Fedhas Madash
  1446 | D:2      | Reached skill level 7 in Polearms
  1653 | D:3      | Noticed Sigmund
  1824 | D:3      | Reached XP level 5. HP: 32/38 MP: 8/8
  1955 | D:3      | Noticed Robin
  2016 | D:3      | Killed Robin
  2016 | D:3      | Reached skill level 8 in Polearms
  2022 | D:3      | Reached * piety under Fedhas
  2248 | D:4      | Learned a level 3 spell: Spectral Weapon
  2252 | D:4      | Noticed Blork the orc
  2274 | D:4      | Slain by Blork the orc

Vault maps used:
D:1:      dpeg_arrival_court
D:2:      fedhas_altar_3
D:3:      uniq_sigmund, uniq_natasha, uniq_robin
D:4:      temple_statues, first_bread, uniq_blork_the_orc, uniq_eustachio

Skill      XL: |  1  2  3  4  5 |
---------------+----------------+-----
Polearms       | 4 6 7 8 |  8.1
Fighting       | |  2.1
Armour         | |  0.6
Dodging        | |  2.6
Spellcasting   | |  2.0
Charms         | |  3.2

Action                   |  1- 3 |  4- 6 || total
-------------------------+-------+-------++-------
Melee: Spear             |   140 |    90 ||   230
       Trident           |       |   101 ||   101
 Cast: Infusion          |     1 |     1 ||     2
       Shroud of Golubri |       |     3 ||     3
Invok: Fungal Bloom      |       |     9 ||     9
  Use: Potion            |     2 |     2 ||     4
       Scroll            |     4 |     1 ||     5
 Stab: Sleeping          |       |     1 ||     1
  Eat: Chunk             |       |     5 ||     5
Armor: Leather armour    |    24 |    35 ||    59
       Scale mail        |       |     2 ||     2
Dodge: Dodged            |    54 |   112 ||   166
